 Dungeon Crawl Stone Soup version 0.23.0 (webtiles) character file.

Game seed: 7712405604065520675

18 Grim the Sneak (level 2, -1/13 HPs)
             Began as a Spriggan Enchanter on Feb 16, 2019.
             Slain by a kobold (2 damage)
             ... on level 2 of the Dungeon.
             The game lasted 00:02:40 (1110 turns).

Grim the Sneak (Spriggan Enchanter)                 Turns: 1110, Time: 00:02:41

Health: -1/13      AC:  2    Str:  4    XL:     2   Next: 48%
Magic:  2/6        EV: 18    Int: 16    God:
Gold:   20         SH:  0    Dex: 16    Spells: 3/6 levels left

rFire    . . .     SeeInvis +   a - +1 dagger
rCold    . . .     Gourm    .   (shield restricted)
rNeg     . . .     Faith    .   b - +0 robe
rPois    .         Spirit   .   (helmet restricted)
rElec    .         Reflect  .   (no cloak)
rCorr    .         Harm     .   (gloves unavailable)
MR       .....                  (boots unavailable)
Stlth    +++.......             (no amulet)
HPRegen  0.04/turn              (no ring)
MPRegen  0.10/turn              (no ring)

@: very slightly contaminated, very quick
A: very small, unfitting armour, see invisible, herbivore, speed 3, slow
metabolism 2
a: no special abilities


You were on level 2 of the Dungeon.
You were not hungry.

You visited 1 branch of the dungeon, and saw 2 of its levels.

You collected 20 gold pieces.

Inventory:

Hand Weapons
 a - a +1 dagger (weapon)
Armour
 b - a +0 robe (worn)
Jewellery
 m - an uncursed ring of fire {unknown}
Scrolls
 c - 4 scrolls of identify {unknown}
 f - a scroll of magic mapping {unknown}
 g - a scroll of noise {unknown}
 i - a scroll of remove curse {unknown}
 j - a scroll of enchant armour {unknown}
 k - a scroll of amnesia {unknown}
Potions
 e - a potion of resistance {unknown}
 h - a potion of haste {unknown}
 l - a potion of curing {unknown}
Comestibles
 d - 3 rations


   Skills:
 - Level 2.0 Short Blades
 - Level 3.0 Dodging
 - Level 4.4 Stealth
 - Level 2.6 Spellcasting
 + Level 4.2 Hexes
 * Level 0.1 Ice Magic


You had 3 spell levels left.
You knew the following spells:

 Your Spells              Type           Power        Failure   Level  Hunger
a - Corona                Hex            ###....      3%          1    #......
b - Ensorcelled Hibernat  Hex/Ice        #.....       12%         2    ##.....

Your spell library contained the following spells:

 Spells                   Type           Power        Failure   Level  Hunger
 Confuse                  Hex            ###.....     11%         3    ###....
 Tukima's Dance           Hex            ###.....     11%         3    ###....
 Dazzling Spray           Conj/Hex       #.....       24%         3    ###....


Dungeon Overview and Level Annotations

Branches:
Dungeon (2/15)

Altars:


Innate Abilities, Weirdness & Mutations

You are very small and have problems with some larger weapons.
You are too small for most types of armour.
You have supernaturally acute eyesight. (SInv)
You are a herbivore.
You cover ground extremely quickly.
You need to consume almost no food.


Message History

The kobold hits you.
* * * LOW HITPOINT WARNING * * *
Casting: Ensorcelled Hibernation (safe; 12% risk of failure)
Confirm with . or Enter, or press ? or * to list all spells.
Aiming: Ensorcelled Hibernation (safe; 12% risk of failure)
Press: ? - help, Shift-Dir - straight line, f/p - kobold
Aim: a kobold (softly glowing, chance to defeat MR: 58%)
The kobold looks drowsy...
You are too injured to fight recklessly!
The helpless kobold fails to defend itself.
You impale the kobold!!
You kill the kobold!
You start resting.
The adder is too close now for your liking.
You see here a golden ring.
m - a golden ring A kobold comes into view.
The kobold shouts!
The kobold hits you.
You die...

#. .# ..
###.####.####.#...
........<.....#$#
##.######.%>.....
#....####..r....#
#..#...(.)....... #
#......##.#####..
#.(..#.(.#..########
###..#....S...@K...#
#....(......####.....#
#.#[........%......#.#
#..............#.#
#............... #
#.#..#####.#...#
#.#..# .#.... #.#.##
.# ##. .. .#


You could see an adder and a kobold.

Vanquished Creatures
  A dart slug (D:1)
  A bat (D:1)
  2 goblins (D:1)
  2 hobgoblins
  5 kobolds
  2 ball pythons (D:1)
  2 frilled lizards (D:1)
15 creatures vanquished.

Notes
Turn   | Place    | Note
-------+----------+-------------------------------------------
     0 | D:1      | Grim the Spriggan Enchanter began the quest for the Orb.
     0 | D:1      | Reached XP level 1. HP: 9/9 MP: 5/5
   376 | D:1      | Reached XP level 2. HP: 13/13 MP: 4/6
  1077 | D:1      | Learned a level 2 spell: Ensorcelled Hibernation
  1110 | D:2      | Slain by a kobold

Skill      XL: |  1  2 |
---------------+-------+-----
Hexes          | 4 |  4.2
Short Blades   | 2 |  2.0
Dodging        | |  3.0
Stealth        | |  4.4
Spellcasting   | |  2.6
Ice Magic      | |  0.1

Action                   || total
-------------------------++-------
Melee: Dagger            ||    66
 Cast: Corona            ||    11
       Ensorcelled Hiber ||     1
 Stab: Sleeping          ||     7
Armor: Robe              ||     3
Dodge: Dodged            ||    45
